 Dungeon Crawl Stone Soup version 0.29-a0-8-g0446c0dae4 (webtiles) character file.

Game seed: 15803238076696833052

103 siradein the Conjurer (level 4, -4/33 HPs)
             Began as a Draconian Conjurer on Jan 27, 2022.
             Killed from afar by Sigmund (8 damage)
             ... with a puff of flame
             ... on level 3 of the Dungeon.
             The game lasted 00:08:11 (2930 turns).

siradein the Conjurer (Draconian Conjurer)          Turns: 2930, Time: 00:08:12

Health: -4/33      AC:  6    Str:  9    XL:     4   Next: 51%
Magic:  5/8        EV: 12    Int: 21    God:
Gold:   87         SH:  0    Dex:  9    Spells: 2/9 levels left

rFire   . . .      SeeInvis .   k - +0 short sword
rCold   . . .      Faith    .   (no shield)
rNeg    . . .      Spirit   .   (armour unavailable)
rPois   .          Reflect  .   (helmet restricted)
rElec   .          Harm     .   h - +0 cloak
rCorr   .          Rampage  .   (no gloves)
Will    .....                   (no boots)
Stlth   ++........              (no amulet)
HPRegen 0.11/turn               (no ring)
MPRegen 0.11/turn               (no ring)

@: no status effects
A: AC +5, unfitting armour, cold-blooded
a: no special abilities


You were on level 3 of the Dungeon.
You visited 1 branch of the dungeon, and saw 3 of its levels.

You collected 87 gold pieces.

Inventory:

Hand Weapons
 k - a +0 short sword (weapon)
Armour
 h - a +0 cloak (worn)
Jewellery
 l - a ring of see invisible
Scrolls
 a - 2 scrolls of amnesia {unknown}
 b - 5 scrolls of identify {unknown}
 d - a scroll of torment {unknown}
 g - a scroll of brand weapon {unknown}
Potions
 c - a potion of cancellation {unknown}
 e - 2 potions of brilliance {unknown}
 f - a potion of flight {unknown}
 i - a potion of attraction {unknown}
 j - a potion of lignification {unknown}


   Skills:
 + Level 2.9 Dodging
 - Level 1.7 Stealth
 + Level 3.0 Spellcasting
 + Level 4.7 Conjurations


You had 2 spell levels left.
You knew the following spells:

 Your Spells              Type           Power      Damage    Failure   Level
a - Magic Dart            Conj           92%        1d7       1%          1
b - Searing Ray           Conj           46%        2d6       2%          2
c - Fulminant Prism       Conj/Hex       6%         3d7       45%         4

Your spell library contained the following spells:

 Spells                   Type           Power      Damage    Failure   Level
 Dazzling Flash           Conj/Hex       26%        N/A       16%         3
 Call Canine Familiar     Summ           3%         N/A       36%         3
 Portal Projectile        Hex/Tloc       6%         N/A       36%         3
 Iskenderun's Mystic Bla  Conj/Tloc      13%        2d5       45%         4
 Leda's Liquefaction      Hex/Erth       1%         N/A       78%         4


Dungeon Overview and Level Annotations

Branches:
Dungeon (3/15)

Altars:

Annotations:
D:3 Grinder, Sigmund


Innate Abilities, Weirdness & Mutations

Your plain brown scales are hard. (AC +5)
You cannot fit into any form of body armour.
You are cold-blooded and may be slowed by cold attacks.


Message History

You're too confused to move!
You feel less confused.
A magic dart appears from out of thin air!
The magic dart hits you.
An endoplasm comes into view.
You hear some strange, mumbled words.
Something tries to affect you, but you resist.
Something tries to affect you, but you resist.
Things that are here:
a +0 scale mail; a +0 dagger; an orc corpse
Casting: Searing Ray (safe; 2% risk of failure)
Confirm with . or Enter, or press ? or * to list all spells.
Aiming: Searing Ray (safe; 2% risk of failure)
Press: ? - help, Shift-Dir - straight line The searing ray hits something! (Press . to maintain the ray.)
The searing ray hits something.
Something barely misses you.
The searing ray hits something!
You finish channelling your searing ray.
Something hits you!
You are confused.
You're too confused to move!
You bump into the rock wall.
Something hits you but does no damage. Something hits you!
* * * LOW HITPOINT WARNING * * *
You bump into the rock wall.
You feel less confused.
You hear some strange, mumbled words.
Something tries to affect you, but you resist.
A puff of flame appears from out of thin air!
The puff of flame misses you.
Things that are here:
11 stones; a +0 club; a +0 hunting sling You see here a +0 club.
Items here: )) [[ รทรท.
There is a stone staircase leading up here.
Sigmund casts a spell at you. The puff of flame hits you!
You die...

#................#
#................#
.....)...........#
#................# ####
................####....
#.......................
#####..####..(........
.####.#......###...###
.............###@....#
#...........@())...#...#
..#.###.....<####### .
....##...).######
.....#.......g..#
.........######g####
.....#..## #..g.##
........#### ####g.#
.....##....########.#


You could see Sigmund.

Vanquished Creatures
  Robin (D:3)
  2 adders (D:2)
  A worm (D:2)
  2 dart slugs
  6 orcs
  3 bats
  An endoplasm (D:2)
  A giant cockroach (D:2)
  10 goblins
  8 hobgoblins
  6 jackals
  2 kobolds (D:2)
  4 quokkas
  2 ball pythons
  A frilled lizard (D:2)
  3 rats
53 creatures vanquished.

Notes
Turn   | Place    | Note
-------+----------+-------------------------------------------
     0 | D:1      | siradein the Draconian Conjurer began the quest for the
                  | Orb.
     0 | D:1      | Reached XP level 1. HP: 14/14 MP: 3/3
   272 | D:1      | Found a faded altar of an unknown god.
   500 | D:1      | Reached XP level 2. HP: 20/20 MP: 0/5
   891 | D:2      | Learned a level 2 spell: Searing Ray
  1034 | D:2      | Reached XP level 3. HP: 26/26 MP: 1/6
  2066 | D:3      | Noticed Grinder
  2069 | D:3      | Paralysed by Grinder for 5 turns
  2246 | D:3      | Reached XP level 4. HP: 33/33 MP: 6/8
  2304 | D:2      | Learned a level 4 spell: Fulminant Prism
  2439 | D:3      | Noticed Robin
  2637 | D:3      | Killed Robin
  2714 | D:3      | Noticed Sigmund
  2930 | D:3      | Killed from afar by Sigmund

Illustrated notes

Levels and vault maps discovered:
D:1:      dpeg_arrival_rooms_c, layout_loops_ring, basic_ecumenical_altar,
          minivault_11
D:2:      layout_basic, grunt_decor_fettered
D:3:      layout_rooms, mainiacjoe_overflow_tiny_flanked, uniq_robin,
          uniq_grinder, uniq_sigmund

Skill      XL: |  1  2  3  4 |
---------------+-------------+-----
Dodging        | 2 |  2.9
Spellcasting   | 3 |  3.0
Stealth        | |  1.7
Conjurations   | |  4.7

Action                   |  1- 3 |  4- 6 || total
-------------------------+-------+-------++-------
Melee: Unarmed           |    17 |       ||    17
       Short sword       |    17 |     6 ||    23
       Tailslap          |     4 |     1 ||     5
       Punch             |     1 |       ||     1
 Cast: Magic Dart        |    70 |    44 ||   114
       Searing Ray       |     2 |     3 ||     5
Armor: Skin              |    21 |    11 ||    32
Dodge: Dodged            |    32 |    15 ||    47

Table legend: (Time is in decaauts)
 A = Elapsed time spent in this place.
 B = Non-inter-level travel time spent in this place.
 C = Inter-level travel time spent in this place.
 D = Time resting spent in this place.
 E = Time spent auto-exploring this place.
 F = Levels seen in this place.
 G = Mean time per level.
                   A        B        C        D        E       F      G
               +--------+--------+--------+--------+--------+-----+--------+
         Total |   2938 |   2862 |     76 |    240 |   2076 |   3 |  979.3 |
       Dungeon |   2938 |   2862 |     76 |    240 |   2076 |   3 |  979.3 |
               +--------+--------+--------+--------+--------+-----+--------+

Top non-repeatable levels by time:
     D:2: 1514 daAuts
     D:1: 906 daAuts
     D:3: 517 daAuts
